 Dungeon Crawl Stone Soup version 0.20.1-1-g8b1a95d (webtiles) character file.

4848 JackS81 the Carver (level 10, -5/76 HPs)
             Began as a Demonspawn Berserker on Aug 20, 2017.
             Was a Priest of Trog.
             Killed from afar by an orc sorcerer (38 damage)
             ... with a bolt of negative energy
             ... on level 1 of the Orcish Mines.
             The game lasted 00:49:40 (8449 turns).

JackS81 the Carver (Demonspawn Berserker)           Turns: 8449, Time: 00:49:41

Health: -5/76      AC:  9    Str: 22    XL:     10   Next: 25%
Magic:  13/13      EV: 12    Int: 10    God:    Trog [***...]
Gold:   526        SH:  0    Dex: 12    Spells: 9/9 levels left

rFire    . . .     SeeInvis +   F - +2 falchion (slice)
rCold    . . .     Gourm    .   (no shield)
rNeg     . . .     Faith    .   f - +0 ring mail
rPois    .         Spirit   .   (helmet restricted)
rElec    .         Reflect  .   g - scarf {repulsion}
rCorr    .         Harm     +   N - +2 pair of gloves
MR       ++...                  (no boots)
Stlth    ++........             C - amulet of harm
Regen    1.3/turn               j - ring of see invisible
MPRegen  0.2/turn               (no ring)

@: regenerating, drained, repel missiles
A: horns 1, clever 1, nightstalker 1, powered by death 2, subdued magic 1,
sturdy frame 2
a: Berserk, Trog's Hand, Burn Spellbooks, Renounce Religion


You were on level 1 of the Orcish Mines.
You worshipped Trog.
Trog was most pleased with you.
You were very hungry.

You visited 2 branches of the dungeon, and saw 11 of its levels.

You collected 526 gold pieces.

Inventory:

Hand Weapons
 a - a +1 falchion
 q - a +4 club
 u - a +0 blowgun
 F - a +2 falchion of slicing (weapon)
 J - a +0 hand crossbow
 L - a +0 dagger of venom
Missiles
 h - 67 poisoned needles
 D - 3 needles of paralysis
 K - 75 bolts
 Q - a poisoned tomahawk (quivered)
Armour
 f - a +0 ring mail (worn)
 g - a scarf of repulsion (worn)
 t - a +0 plate armour
 N - a +2 pair of gloves (worn)
 T - a +1 pair of gloves
Jewellery
 b - an uncursed amulet of guardian spirit {unknown}
 j - a ring of see invisible (left hand)
 n - an uncursed amulet of rage
 C - an amulet of harm (around neck)
 P - an uncursed ring of ice
Wands
 l - a wand of acid (8/15)
 y - a wand of lightning (7/15)
 G - a wand of paralysis (2/24)
 H - a wand of iceblast (2/15)
Scrolls
 k - 5 scrolls of recharging
 m - 5 scrolls of remove curse
 o - 3 scrolls of teleportation
 x - 3 scrolls of identify
 A - a scroll of holy word
 I - a scroll of immolation
 M - 2 scrolls of blinking
 O - 3 scrolls of fear
Potions
 e - 2 potions of haste
 i - 6 potions of curing
 p - a potion of brilliance
 r - 2 potions of might
 s - a potion of agility
 v - a potion of berserk rage
 z - 3 potions of heal wounds
 E - 4 potions of flight
 S - a potion of degeneration
Miscellaneous
 R - a sack of spiders
Comestibles
 c - 3 bread rations
 d - 4 royal jellies
 w - 3 fruits
 B - 4 meat rations


   Skills:
 + Level 6.2(5.5) Fighting
 - Level 11.0(10.2) Long Blades
 + Level 4.8(4.1) Armour
 + Level 3.3(2.7) Dodging
 * Level 5.1(4.4) Evocations


You had 9 spell levels left.
You didn't know any spells.

Dungeon Overview and Level Annotations

Branches:
Dungeon (10/15)            Temple (0/1) D:7             Orc (1/2) D:10
   Lair: D:8-11

Altars:
Ashenzari
Dithmenos
Elyvilon
Fedhas
Ru
Uskayaw
Xom
Yredelemnul
Zin

Shops:
D:8 *


Innate Abilities, Weirdness & Mutations

You have a pair of small horns on your head.
You are slightly more attuned to the shadows.
You regenerate health from kills.
Your movements are less encumbered by armour. (ER -4)
Your mind is acute. (Int +2)
Your spells are a little easier to cast, but a little less powerful.


Message History

The orc sorcerer points at you and mumbles some strange words.
The bolt of negative energy misses you.
Your polar bear bites the orc sorcerer but does no damage.
Your polar bear claws the orc sorcerer but does no damage.
Your polar bear barely misses the orc sorcerer.
You slash the orc sorcerer!
You headbutt the orc sorcerer, but do no damage.
The orc sorcerer is moderately wounded.
Your polar bear bites the orc sorcerer but does no damage.
Your polar bear claws the orc sorcerer. x2
The orc sorcerer hits you but does no damage.
You slash the orc sorcerer!
The orc sorcerer is almost dead.
Your polar bear misses the orc sorcerer.
Your polar bear closely misses the orc sorcerer.
Your polar bear claws the orc sorcerer but does no damage.
The orc sorcerer casts a spell at you. The bolt of negative energy hits you!
You feel drained.
Ouch! That really hurt!
You die...

.. .#.# ...
.#.##
..).##
...># ..)#.
$...#. ...
......
#o#.$....
#h@.....#
#....$.##
.........#
#......#.##
........# #
........##
.........


You could see an orc sorcerer and a friendly polar bear (berserk).

Vanquished Creatures
  Maurice (D:8)
  A troll (D:9)
  A hippogriff (D:8)
  A wyvern (D:8)
  A water moccasin (D:9)
  3 sky beasts
  2 orc warriors
  2 ice beasts
  A black bear (D:7)
  5 ogres
  3 phantoms
  A necrophage (D:6)
  3 centaurs
  A big kobold (D:8)
  2 bullfrogs (D:7)
  A scorpion (D:7)
  2 water moccasin skeletons
  6 killer bees (D:10)
  A howler monkey (D:8)
  5 crimson imps
  6 hounds
  A centaur skeleton (D:5)
  7 orc priests
  A bullfrog skeleton (D:9)
  Jessica (D:2)
  8 orc wizards
  9 worker ants
  2 killer bee zombies (D:8)
  A hound skeleton (D:5)
  A hound zombie (D:6)
  4 gnolls
  15 adders
  2 shadow imps
  An adder skeleton (D:9)
  2 adder zombies
  4 worms
  2 dart slugs
  8 leopard geckos
  28 orcs
  A ball python (D:2)
  15 bats
  9 giant cockroaches
  7 goblins
  4 hobgoblins
  8 jackals
  2 quokkas
  2 frilled lizards (D:1)
  12 kobolds
  A quokka skeleton (D:4)
  8 rats
215 creatures vanquished.

Vanquished Creatures (others)
  An orc wizard (D:3)
1 creature vanquished.

Grand Total: 216 creatures vanquished

Notes
Turn   | Place    | Note
-------+----------+-------------------------------------------
     0 | D:1      | JackS81 the Demonspawn Berserker began the quest for the Orb.
     0 | D:1      | Reached XP level 1. HP: 18/18 MP: 1/1
    38 | D:1      | Reached skill level 3 in Long Blades
   203 | D:1      | Gained mutation: Your movements are slightly less encumbered by armour. (ER -2) [demonic ancestry]
   203 | D:1      | Reached XP level 2. HP: 24/24 MP: 2/2
   553 | D:1      | Reached ** piety under Trog
   726 | D:1      | Reached XP level 3. HP: 27/29 MP: 3/3
   999 | D:2      | Noticed Jessica
  1003 | D:2      | Killed Jessica
  1003 | D:2      | Reached skill level 4 in Long Blades
  1143 | D:2      | Gained mutation: You regenerate a little health from kills. [demonic ancestry]
  1143 | D:2      | Reached XP level 4. HP: 17/35 MP: 4/4
  1462 | D:2      | Found a shattered altar of Ashenzari.
  1561 | D:2      | Found a hide-covered altar of Uskayaw.
  1858 | D:3      | Reached skill level 5 in Long Blades
  2201 | D:3      | Gained mutation: You have a pair of small horns on your head. [demonic ancestry]
  2201 | D:3      | Reached XP level 5. HP: 41/41 MP: 5/5
  2306 | D:3      | Reached *** piety under Trog
  2719 | D:4      | Reached skill level 6 in Long Blades
  2888 | D:4      | Reached XP level 6. HP: 46/47 MP: 6/6
  3424 | D:5      | Entered Level 5 of the Dungeon
  3445 | D:5      | Reached skill level 7 in Long Blades
  3445 | D:5      | Reached XP level 7. HP: 49/52 MP: 7/7
  3478 | D:5      | Gained mutation: Your spells are a little easier to cast, but a little less powerful. [mutagenic meat]
  3689 | D:5      | Reached skill level 1 in Evocations
  4220 | D:5      | Found a shadowy altar of Dithmenos.
  4232 | D:5      | Reached skill level 8 in Long Blades
  4232 | D:5      | Gained mutation: You regenerate health from kills. [demonic ancestry]
  4232 | D:5      | Reached XP level 8. HP: 46/60 MP: 9/9
  4881 | D:6      | Received a gift from Trog
  5045 | D:7      | Reached skill level 9 in Long Blades
  5052 | D:7      | Gained mutation: Your mind is acute. (Int +2) [mutagenic meat]
  5594 | D:7      | Found a staircase to the Ecumenical Temple.
  5621 | D:7      | Reached skill level 5 in Fighting
  5879 | D:8      | Noticed a hippogriff
  5888 | D:8      | Gained mutation: Your movements are less encumbered by armour. (ER -4) [demonic ancestry]
  5888 | D:8      | Reached XP level 9. HP: 26/68 MP: 11/11
  6017 | D:8      | Found Zin's Purification Station.
  6023 | D:8      | Found a glowing silver altar of Zin.
  6109 | D:8      | Reached **** piety under Trog
  6127 | D:8      | Noticed Maurice
  6142 | D:8      | Reached skill level 10 in Long Blades
  6543 | D:8      | Killed Maurice
  6647 | D:9      | Noticed a troll
  6659 | D:9      | Killed a troll
  7118 | D:9      | Gained mutation: You are slightly more attuned to the shadows. [demonic ancestry]
  7118 | D:9      | Reached XP level 10. HP: 24/76 MP: 13/13
  7778 | D:9      | Found a snail-covered altar of Cheibriados.
  7779 | D:9      | Found a shimmering altar of Xom.
  7779 | D:9      | Found a white marble altar of Elyvilon.
  7782 | D:9      | Found a sacrificial altar of Ru.
  7782 | D:9      | Found a blossoming altar of Fedhas.
  7782 | D:9      | Found a basalt altar of Yredelemnul.
  7843 | D:10     | Entered Level 10 of the Dungeon
  7888 | D:10     | Reached skill level 11 in Long Blades
  7908 | D:10     | Found a staircase to the Orcish Mines.
  8099 | D:10     | Reached skill level 5 in Evocations
  8271 | Orc:1    | Entered Level 1 of the Orcish Mines
  8439 | Orc:1    | Noticed an orc sorcerer
  8449 | Orc:1    | Killed from afar by an orc sorcerer

Skill      XL: |  1  2  3  4  5  6  7  8  9 10 |
---------------+-------------------------------+-----
Long Blades    | 3 4 5 6 7 8 9 10 11 | 11.0
Armour         | 2 3 4 |  4.8
Dodging        | 2 3 |  3.3
Evocations     | 1 3 4 5 |  5.1
Fighting       | 4 5 6 |  6.2

Action                   |  1- 3 |  4- 6 |  7- 9 | 10-12 || total
-------------------------+-------+-------+-------+-------++-------
Melee: Falchion          |   114 |   237 |   298 |    91 ||   740
       Headbutt          |       |    18 |    55 |    23 ||    96
 Fire: Blowgun           |       |     8 |     2 |       ||    10
Throw: Tomahawk          |       |    12 |    16 |     1 ||    29
Invok: Trog's Hand       |     1 |     2 |    12 |     3 ||    18
       Berserk           |     1 |     1 |     3 |       ||     5
       Brothers in Arms  |       |       |       |     1 ||     1
Evoke: Wand              |       |       |     1 |     1 ||     2
  Use: Scroll            |       |    11 |    12 |       ||    23
  Eat: Chunk             |     2 |     8 |    14 |     2 ||    26
       Fruit             |       |     2 |     2 |     4 ||     8
       Bread ration      |       |       |     1 |       ||     1
Armor: Animal skin       |     4 |       |       |       ||     4
       Ring mail         |    39 |    81 |    58 |    34 ||   212
Dodge: Dodged            |    78 |   116 |   146 |    40 ||   380
       Deflected         |       |       |     5 |       ||     5
       Rpst.: Falchion   |    26 |    30 |    35 |    17 ||   108
